 Dungeon Crawl Stone Soup version 0.31-a0-229-g1fc7ce93e2 (webtiles) character file.

Game seed: 14445959424102311465

421 dialectric the Covered (level 6, 0/48 HPs)
             Began as a Demonspawn Fighter on July 7, 2023.
             Was a Believer of Ashenzari.
             Splashed by a jelly's acid (10 damage)
             ... on level 5 of the Dungeon.
             The game lasted 00:07:45 (3897 turns).

dialectric the Covered (Demonspawn Fighter)         Turns: 3897, Time: 00:07:45

Health: 0/48       AC:  9    Str: 18    XL:     6   Next: 62%
Magic:  0/6        EV: 10    Int:  9    God:    Ashenzari [**....]
Gold:   207        SH:  4    Dex: 13    Spells: 2/5 levels left

rFire   . . .        s - +0 morningstar
rCold   . . .        c - +0 buckler
rNeg    + . .        b - +0 scale mail
rPois   +            (no helmet)
rElec   .            (no cloak)
rCorr   .            g - +1 pair of gloves of the Eye in the Sky {Alch, Elem} (curse)
SInv    +            (no boots)
Will    .....        h - amulet "Astrological Sophism" {Spirit, Alch, Range} (curse) Stlth
                     j - ring of poison resistance
HPRegen 0.28/turn    w - ring of Ashenzari's Urgency {rN+, Melee, Cun} (curse)
MPRegen 0.10/turn

%: guardian spirit
@: no status effects
A: hooves 2, mutation resistance 1
a: Renounce Religion, Shatter the Chains


You were on level 5 of the Dungeon.
You worshipped Ashenzari.
Ashenzari was pleased with you.
You visited 1 branch of the dungeon, and saw 5 of its levels.

You collected 207 gold pieces.

Inventory:

Hand Weapons
 a - a +0 long sword
 m - a +1 heavy mace
 p - the +6 Majin-Bo {spellvamp, MP+6 Int+6}
   (You acquired it on level 4 of the Dungeon)

   Int:       It affects your intelligence (+6).
   MP:        It affects your magic capacity (+6).
 s - a +0 morningstar (weapon)
Missiles
 r - 2 throwing nets
 u - 8 poisoned darts
Armour
 b - a +0 scale mail (worn)
 c - a +0 buckler (worn)
 g - the cursed +1 pair of gloves of the Eye in the Sky (worn) {Alch, Elem}
   (You found it on level 1 of the Dungeon)

   It has a curse which improves the following skills: Alchemy: Poison Magic and
   Transmutations.
   Elements:  Fire Magic, Ice Magic, Air Magic and Earth Magic.
 i - a +0 kite shield
Jewellery
 h - the cursed amulet "Astrological Sophism" (around neck) {Spirit, Alch, Range}
   (You found it on level 1 of the Dungeon)

   [amulet of guardian spirit]

   It causes incoming damage to be divided between your reserves of health and
   magic.
   It has a curse which improves the following skills: Alchemy: Poison Magic and
   Transmutations.
   Ranged Combat: Ranged Weapons and Throwing.
 j - a ring of poison resistance (left hand)
 q - a ring of positive energy
 w - the cursed ring of Ashenzari's Urgency (right hand) {rN+, Melee, Cun}
   (You found it on level 4 of the Dungeon)

   [ring of positive energy]

   rN:        It protects you from negative energy.
   It has a curse which improves the following skills: Melee Combat: Short
   Blades, Long Blades, Axes, Maces & Flails, Polearms, Staves and Unarmed
   Combat.
   Cunning:   Dodging and Stealth.
Wands
 o - a wand of flame (10)
Scrolls
 f - 2 scrolls of identify
 k - 2 scrolls of noise
 l - a scroll of immolation
 n - a scroll of fog
Potions
 d - 2 potions of might
 e - a potion of curing
 t - a potion of resistance
 v - a potion of mutation


   Skills:
 - Level 4.0 Fighting
 - Level 2.7(3.7) Long Blades
 + Level 2.4(3.3) Maces & Flails
 * Level 4.6 Armour
 * Level 1.9(2.8) Dodging
 - Level 3.0 Shields


You had 2 spell levels left.
You knew the following spells:

 Your Spells              Type           Power      Damage    Failure   Level
a - Vampiric Draining     Necr           0%         2d6       99%         3

Your spell library contained the following spells:

 Spells                   Type           Power      Damage    Failure   Level
 Necrotise                Necr           0%         1d4       83%         1
 Shock                    Conj/Air       0%         1d3       83%         1
 Cigotuvi's Dreadful Rot  Necr/Pois/Air  0%         N/A       92%         2
 Ignite Poison            Fire/Tmut/Pois 0%         N/A       99%         3
 Swiftness                Air            0%         N/A       99%         3
 Tukima's Dance           Hex            0%         N/A       99%         3
 Airstrike                Air            0%         2d(0-16)  100%        4
 Leda's Liquefaction      Hex/Erth       0%         N/A       100%        4
 Passage of Golubria      Tloc           0%         N/A       100%        4
 Agony                    Necr           0%         N/A       100%        5
 Freezing Cloud           Conj/Ice/Air   0%         6-21      100%        5
 Lee's Rapid Deconstruct  Erth           0%         3d4*      100%        5
 Yara's Violent Unravell  Hex/Tmut       0%         3d3       100%        5
 Leda's Unmaking          Conj/Erth      0%         9d1       100%        6
 Statue Form              Tmut/Erth      0%         N/A       100%        6


Dungeon Overview and Level Annotations

Branches:
Dungeon (5/15)
 Temple: D:4-7

Altars:
Ashenzari


Innate Abilities, Weirdness & Mutations

You have hoof-like feet.
You are somewhat resistant to further mutation.


Message History

Unknown command.
There is a stone staircase leading down here.
A centaur comes into view.
The centaur shouts!
The centaur wields a +0 orcbow.
The centaur shoots an arrow.
You block the arrow.
An adder comes into view.
The adder hisses angrily.
The centaur shoots an arrow.
You block the arrow. The adder bites you but does no damage.
A jelly comes into view.
There are monsters nearby!
You barely miss the adder.
The jelly quivers.
The centaur shoots an arrow.
The arrow hits you but does no damage. The adder closely misses you.
The centaur shoots an arrow.
You block the arrow.
There are monsters nearby!
You hit the adder.
The adder is moderately wounded.
The adder bites you.
The centaur shoots an arrow.
The arrow closely misses you. The adder bites you but does no damage.
The centaur shoots an arrow.
The arrow hits you.
You miss the adder. You kick the adder.
The adder is heavily wounded.
The adder barely misses you.
The centaur shoots an arrow.
You block the arrow. You block the adder's attack.
You puncture the adder!
You kill the adder!
The centaur shoots an arrow.
The arrow hits you!
The centaur shoots an arrow.
The arrow closely misses you.
Unknown command.
The centaur shoots an arrow.
The arrow hits you!
The centaur shoots an arrow.
The arrow hits you!
* * * LOW HITPOINT WARNING * * *
The centaur shoots an arrow.
The arrow closely misses you.
There is a stone staircase leading up here.
The jelly hits you.
* * * LOW HITPOINT WARNING * * *
You are splashed with acid!
You die...

, , * , , , , ...
......... , ...
......... , ...
,*#........ ,
.##..*##........,
,
.....##........*
, #...........# ,
*, #.........# ,,
, * ,,, #@.### ,
# , ,, *##J#.###
.# , *
#>.c..#.##..., ,,
#.##......... , ,
....###†...... *
, ,, ###...
......., *, *
#....,....... *
#..###.##.##.
...#* .. ..., *


You could see a centaur and a jelly.

Vanquished Creatures
  A phantom (D:3)
  An orc priest (D:3)
  A hound (D:4)
  An orc wizard (D:3)
  3 sleepcaps (D:4)
  4 gnolls (D:3)
  5 adders
  2 worms
  A dart slug (D:3)
  9 orcs
  4 ball pythons
  4 bats
  13 endoplasms
  3 giant cockroaches
  6 goblins
  7 hobgoblins
  4 jackals
  A quokka (D:1)
  6 frilled lizards
  9 kobolds
  3 rats (D:3)
88 creatures vanquished.

Notes
Turn   | Place    | Note
-------+----------+-------------------------------------------
     0 | D:1      | dialectric the Demonspawn Fighter began the quest for the
                  | Orb.
     0 | D:1      | Reached XP level 1. HP: 18/18 MP: 1/1
   242 | D:1      | Gained mutation: You have large cloven feet. [demonic
                  | ancestry]
   242 | D:1      | Reached XP level 2. HP: 24/24 MP: 2/2
   438 | D:1      | Found a faded altar of an unknown god.
   453 | D:1      | Prayed at the altar of an unknown god.
   453 | D:1      | Became a worshipper of Ashenzari the Shackled
  1222 | D:2      | Gained mutation: You have hoof-like feet. [demonic
                  | ancestry]
  1222 | D:2      | Reached XP level 3. HP: 26/29 MP: 3/3
  1899 | D:3      | Found a broken altar of Ashenzari.
  1972 | D:3      | Reached XP level 4. HP: 7/35 MP: 4/4
  1974 | D:3      | HP: 1/35 [gnoll/+0 flail (4)]
  2373 | D:3      | Noticed a phantom
  2388 | D:3      | Killed a phantom
  2389 | D:3      | Reached skill level 1 in Dodging
  2389 | D:3      | Reached XP level 5. HP: 22/42 MP: 5/5
  2589 | D:3      | Reached skill level 1 in Maces & Flails
  2606 | D:3      | HP: 2/42 [orc priest/divine providence (16)]
  2840 | D:3      | Reached * piety under Ashenzari
  2840 | D:3      | Identified a scroll of acquirement
  2841 | D:3      | Gained mutation: You are somewhat resistant to further
                  | mutation. [potion of mutation]
  3237 | D:4      | Reached XP level 6. HP: 5/48 MP: 0/6
  3470 | D:4      | Acquired the +6 Majin-Bo {spellvamp, MP+6 Int+6}
  3470 | D:4      | Found the +6 Majin-Bo {spellvamp, MP+6 Int+6}
  3609 | D:4      | Learned a level 3 spell: Vampiric Draining
  3717 | D:4      | Reached ** piety under Ashenzari
  3880 | D:5      | Entered Level 5 of the Dungeon
  3897 | D:5      | Splashed by a jelly's acid

Illustrated notes

Levels and vault maps discovered:
D:1:      dpeg_arrival_circle_labyrinth_c, layout_basic,
          hellmonk_ecumenical_altar_arch_garden
D:2:      layout_loops_ring
D:3:      minmay_general_purpose_star, layout_rooms,
          cheibrodos_ashenzari_chains, st_stairs_1, patterned_corridor
D:4:      layout_basic, hellmonk_no_cap
D:5:      layout_cave_pools, mainiacjoe_overflow_surrounded_room

Skill      XL: |  1  2  3  4  5  6 |
---------------+-------------------+-----
Long Blades    | 2 |  2.7
Shields        | 3 |  3.0
Armour         | 3 4 |  4.6
Dodging        | 1 |  1.9
Maces & Flails | 1 2 |  2.4
Fighting       | 4 |  4.0

Action                     |  1- 3 |  4- 6 || total
---------------------------+-------+-------++-------
  Melee: Long sword        |    88 |    29 ||   117
         Kick              |    21 |    37 ||    58
         Morningstar       |       |   130 ||   130
 Invoke: Curse Item        |     1 |     2 ||     3
    Use: Potion            |     1 |     5 ||     6
         Scroll            |     1 |     1 ||     2
 Armour: Scale mail        |    40 |    97 ||   137
  Dodge: Dodged            |    30 |    98 ||   128
  Block: Buckler           |    24 |    37 ||    61

Table legend: (Time is in decaauts)
 A = Elapsed time spent in this place.
 B = Non-inter-level travel time spent in this place.
 C = Inter-level travel time spent in this place.
 D = Time resting spent in this place.
 E = Time spent auto-exploring this place.
 F = Levels seen in this place.
 G = Mean time per level.
                   A        B        C        D        E       F      G
               +--------+--------+--------+--------+--------+-----+--------+
         Total |   3994 |   3716 |    278 |    105 |   2829 |   5 |  798.8 |
       Dungeon |   3994 |   3716 |    278 |    105 |   2829 |   5 |  798.8 |
               +--------+--------+--------+--------+--------+-----+--------+

Top non-repeatable levels by time:
     D:1: 1192 daAuts
     D:3: 1094 daAuts
     D:4: 1042 daAuts
     D:2: 646 daAuts
     D:5: 18 daAuts
